Map: Catalyst LE

Players

Dolan - Winner!

  • Race: Terran Terran
  • Spawn Location: 5:00

SieGe

  • Race: Terran Terran
  • Spawn Location: 11:00

Event: WCS Austin 2018

VOD

Have the link to the VOD?

Description

Time

  • Played on: June 1, 2018, 2:20 p.m.
  • Length: 9:34

All games in this series

Show
View Real Time Build Order
Export as new Build Order

Dolan Terran - Winner!

Build Orders: Reaper Expand, MMM Bio 

Get SALT Encoding   

  12  0:00  SCV  
  13  0:12  SCV  
  14  0:17  Supply Depot  
  14  0:24  SCV  
  15  0:38  SCV  
  15  0:40  Barracks  
  16  0:44  Refinery  
  16  0:51  SCV  
  17  1:03  SCV  
  18  1:15  SCV  
  19  1:27  Orbital Command, Reaper  
  20  1:43  Command Center  
  20  1:53  Supply Depot  
  20  1:56  SCV  
  21  2:01  Marine  
  22  2:08  Factory  
  22  2:12  SCV  
  23  2:20  Marine  
  24  2:24  SCV  
  24  2:27  Barracks  
  25  2:33  Refinery  
  25  2:41  SCV  
  25  2:50  Barracks Reactor  
  24  2:54  SCV  
  25  3:03  Cyclone  
  28  3:06  SCV  
  29  3:19  Barracks Tech Lab  
  29  3:21  Engineering Bay  
  29  3:25  SCV  
  30  3:28  Orbital Command  
  30  3:31  Marine x2  
  30  3:32  Bunker  
  31  3:45  SCV  
  32  3:51  Terran Infantry Weapons Level 1  
  32  3:52  Stimpack  
  32  3:53  SCV  
  33  3:56  Marine x3  
  33  3:58  SCV  
  37  4:02  Starport  
  37  4:07  Factory Reactor  
  37  4:09  SCV  
  38  4:10  SCV  
  39  4:21  SCV  
  39  4:22  Marine x3, SCV  
  44  4:26  Supply Depot  
  44  4:33  SCV  
  44  4:34  SCV  
  44  4:35  Supply Depot  
  46  4:47  Marine x3  
  46  4:48  SCV x2  
  46  4:52  Factory Tech Lab  
  51  5:00  SCV x2  
  51  5:02  Medivac x2  
  51  5:05  Supply Depot  
  56  5:07  Marine x2  
  56  5:08  Refinery  
  56  5:09  Marine  
  56  5:12  SCV  
  56  5:13  SCV  
  61  5:21  Supply Depot  
  61  5:26  SCV  
  61  5:27  Siege Tank, SCV  
  66  5:31  Supply Depot, Marine x3  
  69  5:38  SCV  
  70  5:43  SCV  
  70  5:44  Supply Depot  
  70  5:46  Terran Infantry Armor Level 1  
  71  5:50  SCV  
  71  5:51  Marine x3  
  71  5:52  Combat Shields  
  71  5:55  SCV  
  76  6:00  Command Center  
  76  6:14  Marine  
  76  6:15  Marine x2, Siege Tank  
  82  6:20  SCV x2  
  82  6:24  Barracks  
  84  6:26  Barracks  
  84  6:27  Barracks  
  81  6:32  Marine  
  81  6:33  Marine x2  
  81  6:34  Medivac x2  
  86  6:40  SCV x2  
  88  6:48  Refinery  
  88  6:50  Supply Depot x2  
  88  6:54  Engineering Bay  
  88  6:58  Armory  
  88  6:59  Marine x2  
  88  7:00  Marine  
  87  7:09  SCV x2  
  86  7:17  Marine x2  
  86  7:18  Marine  
  89  7:25  SCV  
  89  7:26  SCV  
  82  7:31  Barracks Reactor, Siege Tank  
  82  7:32  Barracks Reactor x2  
  82  7:34  Medivac x2  
  82  7:35  Marine x2  
  91  7:40  Orbital Command  
  91  7:42  SCV x2  
  93  7:47  Refinery x2  
  93  7:54  SCV x2  
  95  8:05  SCV, Sensor Tower  
  96  8:06  SCV  
  96  8:07  SCV  
  98  8:13  Marine x5  
  98  8:14  Marine x4  
  98  8:17  SCV  
  98  8:19  SCV x2  
  110  8:21  Supply Depot  
  110  8:29  SCV, Factory  
  110  8:31  SCV x2  
  113  8:37  Siege Tank  
  116  8:41  SCV  
  116  8:43  SCV x2  
  118  8:49  Marine x7  
  118  8:50  Marine x2  
  118  8:53  Medivac x2  
  131  9:07  Supply Depot, Marine x2  
  131  9:09  Supply Depot  
  133  9:10  Supply Depot  
  133  9:12  Marine x4  
  133  9:13  Marine x3  
Show
View Real Time Build Order
Export as new Build Order

SieGe Terran 

Build Orders:  

Get SALT Encoding   

  12  0:01  SCV  
  13  0:13  SCV  
  14  0:17  Supply Depot  
  14  0:25  SCV  
  15  0:29  Refinery  
  15  0:41  Barracks  
  15  0:57  Barracks  
  15  1:00  SCV  
  16  1:12  SCV  
  17  1:24  SCV  
  18  1:29  Reaper  
  19  1:36  Orbital Command  
  19  1:44  Reaper  
  19  2:01  Reaper  
  20  2:07  Supply Depot  
  20  2:09  SCV  
  21  2:20  Refinery  
  21  2:21  Reaper, SCV  
  23  2:33  SCV  
  23  2:35  Reaper  
  25  2:45  SCV  
  25  2:53  Reaper  
  25  2:55  Command Center  
  25  2:57  SCV  
  26  3:07  Reaper  
  26  3:09  SCV  
  28  3:17  Barracks  
  28  3:21  SCV  
  28  3:25  Reaper  
  30  3:33  SCV  
  31  3:52  SCV  
  30  3:57  Reaper  
  30  4:00  Barracks Tech Lab  
  31  4:07  SCV  
  31  4:08  Engineering Bay  
  31  4:09  Bunker  
  32  4:10  Orbital Command, Factory  
  32  4:13  Barracks Reactor  
  32  4:19  SCV  
  32  4:21  Marauder, Concussive Shells  
  35  4:31  SCV  
  35  4:32  Barracks Tech Lab  
  36  4:39  SCV  
  36  4:42  Marauder  
  36  4:43  SCV  
  36  4:45  Terran Infantry Weapons Level 1  
  40  4:51  SCV  
  41  4:55  SCV  
  41  4:56  Starport  
  42  5:03  SCV  
  42  5:06  Marine x4  
  46  5:14  Refinery  
  46  5:17  Supply Depot, SCV x2  
  48  5:24  Marine x3  
  48  5:27  Marine  
  52  5:29  SCV x2  
  52  5:30  Factory Reactor  
  54  5:41  Marine, Supply Depot, SCV  
  54  5:42  Refinery, Marine  
  56  5:43  Marine  
  56  5:45  Marine, SCV  
  60  5:55  SCV  
  61  5:59  Supply Depot  
  61  6:02  Marine x2  
  61  6:03  Marine  
  67  6:10  Marine  
  68  6:13  SCV x2  
  70  6:20  Marine x2  
  70  6:25  Marine  
  73  6:28  Marine  
  66  6:33  Widow Mine x2  
  66  6:34  SCV  
  66  6:36  SCV  
  66  6:38  Marine  
  65  6:40  Marine  
  65  6:42  Marine  
  65  6:43  Stimpack  
  65  6:46  Marine  
  68  6:48  SCV  
  69  6:58  Marine  
  69  6:59  Marine  
  69  7:00  Widow Mine x2  
  69  7:09  SCV  
  69  7:12  Marine x2  
  69  7:15  SCV  
  72  7:16  Marine x2  
  72  7:28  SCV  
  72  7:29  Marine, Factory Tech Lab  
  65  7:30  Marine  
  65  7:31  SCV  
  65  7:34  Marine  
  65  7:36  Marine  
  70  7:40  SCV  
  70  7:42  Supply Depot  
  70  7:43  SCV  
  72  7:52  Barracks Reactor, Marine, SCV  
  72  7:53  Marine  
  72  7:56  SCV  
  76  8:03  Siege Tank  
  76  8:04  Starport, SCV  
  80  8:10  Marine x2  
  80  8:12  SCV  
  83  8:16  Supply Depot, SCV  
  83  8:19  Factory  
  84  8:23  Marine  
  84  8:24  SCV  
  86  8:30  Marine  
  86  8:37  Marine x2  
  86  8:38  Siege Tank  
  89  8:45  Marine x2  
  89  8:47  Marine  
  93  8:51  SCV, Viking x2  
  93  8:55  Barracks  
  92  8:57  Marine  
  94  9:05  Supply Depot, Marine  
  94  9:07  Supply Depot  
  57  9:31  Factory Tech Lab  
Tags
 
Composition
MMM Bio
Matchup
TvT
Player
Dolan
Race
Terran
Spawn Locations
Cross Positions
Add a new tag
Caveats
  • Supply blocks, unpowered buildings, or Contaminate may cause inaccurate times.
  • Supply counts are checked every 10 seconds.